 Dungeon Crawl Stone Soup version 0.24.0-37-gcf1ca852f1 (webtiles) character file.

Game seed: 5704714887089302964, levelgen mode: deterministic

714 Delamore the Cleaver (level 7, 0/57 HPs)
             Began as a Hill Orc Fighter on Dec 1, 2019.
             Was a Follower of Okawaru.
             Splashed by a jelly's acid (6 damage)
             ... on level 5 of the Dungeon.
             The game lasted 00:05:41 (4249 turns).

Delamore the Cleaver (Hill Orc Fighter)             Turns: 4249, Time: 00:05:42

Health: 0/57       AC:  1    Str: 21    XL:     7   Next: 69%
Magic:  7/7        EV:  7    Int:  8    God:    Okawaru [*.....]
Gold:   217        SH:  9    Dex: 10    Spells: 6/6 levels left

rFire    . . .     SeeInvis .   a - +0 war axe
rCold    . . .     Gourm    .   c - +0 shield
rNeg     . . .     Faith    .   b - +0 scale mail
rPois    .         Spirit   .   m - +0 helmet
rElec    .         Reflect  .   (no cloak)
rCorr    .         Harm     .   v - +0 pair of gloves
MR       .....                  (no boots)
Stlth    ..........             (no amulet)
HPRegen  0.19/turn              (no ring)
MPRegen  0.10/turn              (no ring)

@: corroded
A: no striking features
a: Heroism, Renounce Religion


You were on level 5 of the Dungeon.
You worshipped Okawaru.
Okawaru was aware of your devotion.
You were not hungry.

You visited 1 branch of the dungeon, and saw 5 of its levels.

You collected 217 gold pieces.

Inventory:

Hand Weapons
 a - a +0 war axe (weapon)
Missiles
 i - 4 javelins (quivered)
Armour
 b - a +0 scale mail (worn)
 c - a +0 shield (worn)
 m - a +0 helmet (worn)
 v - a +0 pair of gloves (worn)
Jewellery
 B - an uncursed ring of ice
Wands
 l - a wand of iceblast (9)
 x - a wand of digging (5)
Scrolls
 g - 3 scrolls of identify {unknown}
 h - 4 scrolls of remove curse {unknown}
 k - a scroll of immolation {unknown}
 n - 2 scrolls of noise {unknown}
 p - 2 scrolls of magic mapping {unknown}
 r - 2 scrolls of random uselessness {unknown}
 w - 2 scrolls of teleportation {unknown}
 y - 4 scrolls of amnesia {unknown}
Potions
 d - 6 potions of might
 e - 2 potions of heal wounds {unknown}
 j - 2 potions of curing {unknown}
 o - 3 potions of mutation {unknown}
 q - a potion of magic {unknown}
 s - a potion of degeneration {unknown}
 t - 2 potions of brilliance {unknown}
 u - a potion of cancellation {unknown}
 A - a potion of berserk rage {unknown}
Comestibles
 f - 5 rations
 z - 7 chunks of flesh


   Skills:
 - Level 3.6 Fighting
 + Level 10.9 Axes
 - Level 3.2 Armour
 - Level 3.2 Shields


You had 6 spell levels left.
You didn't know any spells.
Your spell library was empty.

Dungeon Overview and Level Annotations

Branches:
Dungeon (5/15)             Temple (0/1) D:4

Altars:
Okawaru

Shops:
D:4 =


Message History

The jelly is heavily wounded.
The jelly barely misses you.
You hit the jelly but do no damage.
Your hands burn!
* * * LOW HITPOINT WARNING * * *
The jelly is heavily wounded.
The jelly hits you but does no damage.
You hit the jelly but do no damage.
Your hands burn!
* * * LOW HITPOINT WARNING * * *
The jelly is heavily wounded.
The jelly hits you.
* * * LOW HITPOINT WARNING * * *
You are splashed with acid.
* * * LOW HITPOINT WARNING * * *
The jelly hits you but does no damage.
There is an open door here.
The jelly jiggles.
The jelly hits you.
* * * LOW HITPOINT WARNING * * *
You are splashed with acid.
You die...

#...................#
.#....#######........#
.#....'.....#........#
###..#....#.....##+##....#
..#..#....#.........#....#
..†[.#....#......÷...#####
..####....###+######.#
.)).....#####...##..##
........#.......@....#
........#........J...#
........##########..##
'###...........###..#
...#...........#....#
...#...........#....#
...+...........'....#
##.#...........###..#
'######....### #..#


You could see a jelly.

Vanquished Creatures
  A phantom (D:2)
  A centaur (D:4)
  Blork the orc (D:4)
  2 howler monkeys
  A bullfrog skeleton (D:4)
  3 orc priests
  Ijyb (D:3)
  Natasha (twice) (D:2)
  A worker ant (D:5)
  Robin (D:4)
  2 adders (D:4)
  An ooze (D:3)
  6 worms
  2 dart slugs (D:1)
  2 leopard geckos
  9 orcs
  13 giant cockroaches
  13 goblins
  17 hobgoblins
  6 jackals
  A quokka (D:3)
  10 bats
  6 frilled lizards
  A jackal zombie (D:5)
  11 kobolds
  6 rats
120 creatures vanquished.

Notes
Turn   | Place    | Note
-------+----------+-------------------------------------------
     0 | D:1      | Delamore the Hill Orc Fighter began the quest for the Orb.
     0 | D:1      | Reached XP level 1. HP: 19/19 MP: 1/1
    16 | D:1      | Reached skill level 3 in Axes
    86 | D:1      | Reached XP level 2. HP: 23/26 MP: 2/2
   129 | D:1      | Reached skill level 4 in Axes
   414 | D:1      | Reached XP level 3. HP: 31/31 MP: 3/3
   620 | D:2      | Reached skill level 5 in Axes
   771 | D:2      | Noticed Natasha
   781 | D:2      | Killed Natasha
   781 | D:2      | Reached XP level 4. HP: 35/39 MP: 4/4
   872 | D:2      | Reached skill level 6 in Axes
  1029 | D:2      | Noticed Natasha
  1035 | D:2      | Killed Natasha
  1067 | D:2      | Found an iron altar of Okawaru.
  1073 | D:2      | Reached XP level 5. HP: 32/45 MP: 5/5
  1085 | D:2      | Became a worshipper of Warmaster Okawaru
  1195 | D:2      | Noticed a phantom
  1259 | D:2      | Killed a phantom
  1259 | D:2      | Reached skill level 7 in Axes
  1518 | D:2      | Reached skill level 8 in Axes
  1551 | D:2      | Reached XP level 6. HP: 50/51 MP: 6/6
  2107 | D:3      | Noticed Ijyb
  2122 | D:3      | Killed Ijyb
  2921 | D:4      | Noticed Blork the orc
  2934 | D:4      | Killed Blork the orc
  2934 | D:4      | Reached skill level 9 in Axes
  3090 | D:4      | Found Sovoh's Jewellery Shop.
  3190 | D:4      | Found a staircase to the Ecumenical Temple.
  3284 | D:4      | Reached XP level 7. HP: 55/57 MP: 7/7
  3287 | D:4      | Reached * piety under Okawaru
  3287 | D:4      | Noticed Robin
  3576 | D:4      | Reached skill level 10 in Axes
  3588 | D:4      | Killed Robin
  4015 | D:5      | Entered Level 5 of the Dungeon
  4249 | D:5      | Splashed by a jelly's acid

Levels and vault maps discovered:
D:1:      onia_arrival_pyramid, layout_rooms, minmay_misc_feat_five, st_stairs_5
D:2:      layout_basic, okawaru_altar_gauntlet_db, first_ration,
          minmay_heptomino_d4, uniq_natasha
D:3:      layout_basic, uniq_ijyb
D:4:      layout_basic, minmay_temple_entry_statues_pillars,
          serial_corexii_hall, chequers_hall_statues_y, corexii_hall_statues_i,
          chequers_hall_statues_corner_a, corexii_hall_statues_t, serial_shops,
          kennysheep_mini_moat, grunt_tough_drop, uniq_robin, uniq_blork_the_orc
D:5:      layout_gridville, gammafunk_ghost_necromancy, uniq_prince_ribbit1

Skill      XL: |  1  2  3  4  5  6  7 |
---------------+----------------------+-----
Axes           | 3 4 5 6 8 9 10 | 10.9
Fighting       | |  3.6
Armour         | |  3.2
Shields        | |  3.2

Action                   |  1- 3 |  4- 6 |  7- 9 || total
-------------------------+-------+-------+-------++-------
Melee: War axe           |   108 |   203 |    72 ||   383
  Eat: Chunk             |       |     8 |     3 ||    11
Armor: Scale mail        |    61 |    73 |    35 ||   169
Dodge: Dodged            |    32 |    45 |    19 ||    96
Block: Shield            |    60 |    95 |    50 ||   205
